 Dungeon Crawl Stone Soup version 0.28-a0-1387-g3a22ab9bdc (webtiles) character file.

Game seed: 4546144478784053306

305 Deminshera the Skirmisher (level 6, -9/56 HPs)
             Began as a Ghoul Monk on Jan 2, 2022.
             Mangled by an ogre (15 damage)
             ... on level 3 of the Dungeon.
             The game lasted 00:05:16 (4263 turns).

Deminshera the Skirmisher (Ghoul Monk)              Turns: 4263, Time: 00:05:17

Health: -9/56      AC:  6    Str: 17    XL:     6   Next: 39%
Magic:  5/5        EV: 11    Int:  5    God:
Gold:   251        SH:  0    Dex: 11    Spells: 5/5 levels left

rFire   . . .      SeeInvis .     - Unarmed
rCold   + . .      Faith    .   (no shield)
rNeg    + + +      Spirit   .   i - +0 ring mail
rPois   ∞          Reflect  .   (no helmet)
rElec   .          Harm     .   (no cloak)
rCorr   .          Rampage  .   (no gloves)
Will    .....                   g - +0 pair of boots
Stlth   +.........              b - amulet of the acrobat
HPRegen 0.00/turn               (no ring)
MPRegen 0.09/turn               (no ring)

@: inhibited regen
A: claws 1, cold resistance 1, negative energy resistance 3, inhibited
regeneration, torment resistance 2
a: no special abilities


You were on level 3 of the Dungeon.
You visited 1 branch of the dungeon, and saw 3 of its levels.
You also visited: Sewer.

You collected 251 gold pieces.

Inventory:

Missiles
 h - a throwing net (quivered)
Armour
 g - a +0 pair of boots (worn)
 i - a +0 ring mail (worn)
Jewellery
 b - an amulet of the acrobat (around neck)
Scrolls
 a - 2 scrolls of amnesia
 c - a scroll of holy word {unknown}
 d - a scroll of identify
 f - a scroll of magic mapping
 j - a scroll of enchant weapon {unknown}
 m - a scroll of enchant armour {unknown}
 n - 3 scrolls of teleportation
 o - a scroll of fear {unknown}
 p - 2 scrolls of immolation {unknown}
Potions
 e - 3 potions of curing
 k - 6 potions of flight
 l - 3 potions of mutation


   Skills:
 + Level 5.6 Fighting
 - Level 3.0 Dodging
 - Level 3.0 Stealth
 + Level 5.6 Unarmed Combat


You had 5 spell levels left.
You didn't know any spells.
Your spell library contained the following spells:

 Spells                   Type           Power      Damage    Failure   Level
 Corpse Rot               Necr/Air       0%         N/A       83%         2
 Poisonous Vapours        Pois/Air       0%         N/A       83%         2
 Ignite Poison            Fire/Tmut/Pois 0%         N/A       96%         3
 Mephitic Cloud           Conj/Pois/Air  0%         N/A       96%         3
 Freezing Cloud           Conj/Ice/Air   0%         6-21      100%        5
 Summon Hydra             Summ           0%         N/A       100%        7
 Sublimation of Blood     Necr           Unusable   N/A       N/A         2
 Wereblood                Tmut           Unusable   N/A       N/A         2

Dungeon Overview and Level Annotations

Branches:
Dungeon (3/15)              Sewer (visited)

Altars:
Wu Jian

Shops:
D:2 !


Innate Abilities, Weirdness & Mutations

You thrive by killing the living.
You are immune to poison.
You have sharp fingernails.
Your flesh is cold resistant. (rC+)
You are immune to negative energy. (rN+++)
You do not regenerate when monsters are visible.
You are immune to unholy pain and torment.


Message History

The gnoll misses you.
You scratch the gnoll.
The gnoll is almost dead.
The gnoll hits you with a +0 flail.
You scratch the gnoll but do no damage.
The gnoll is almost dead.
The gnoll misses you.
You scratch the gnoll.
You kill the gnoll!
You scratch the gnoll.
The gnoll is lightly wounded.
The gnoll hits you with a +0 whip.
You claw the gnoll!
You kill the gnoll!
You claw the ogre!
The ogre is moderately wounded.
The ogre hits you with a +0 giant spiked club!
You scratch the ogre but do no damage.
The ogre is moderately wounded.
The ogre closely misses you.
You claw the ogre!
The ogre is heavily wounded.
You scratch the ogre.
The ogre is severely wounded.
The ogre closely misses you.
You barely miss the ogre.
The ogre is severely wounded.
The ogre hits you with a +0 giant spiked club!!
Ouch! That really hurt!
* * * LOW HITPOINT WARNING * * *
You are too injured to fight recklessly!
You scratch the ogre.
The ogre is severely wounded.
You barely miss the ogre.
The ogre is severely wounded.
The ogre barely misses you.
You scratch the ogre but do no damage.
The ogre is severely wounded.
The ogre hits you with a +0 giant spiked club!
You die...

*********** ,,,,,,,,,,*
*********,* ******* *,* ,,,,,,*
*,*
*****.###.###################
*****.......>).O@...........#
,,,,,......)###########.#.#.####
,,,,,.....#.*,,,.........<.....#
****,...#,#.*,**#######.#.#.##.#
,*,,,..,,,..,,* #..<..##.#
*,,*,.,,*,#.,** ##### ###.####.#
,****,,,,*##,***#...#####.####.#
,,,**,*,** *,,,*#...........##.#
,,,,,,*,* *,*,*#...#####.#.##.##


You could see an ogre.

Vanquished Creatures
  7 gnolls
  9 adders
  7 river rats
  2 worms (Sewer)
  4 dart slugs (D:1)
  9 bats
  3 endoplasms
  5 giant cockroaches
  4 goblins
  3 hobgoblins (D:3)
  3 jackals
  7 kobolds
  5 quokkas
  14 ball pythons
  3 frilled lizards
  3 rats
88 creatures vanquished.

Vanquished Creatures (others)
  38 plants (D:2)
  3 toadstools (D:3)
41 creatures vanquished.

Grand Total: 129 creatures vanquished

Notes
Turn   | Place    | Note
-------+----------+-------------------------------------------
     0 | D:1      | Deminshera the Ghoul Monk began the quest for the Orb.
     0 | D:1      | Reached XP level 1. HP: 19/19 MP: 0/0
   317 | D:1      | Reached XP level 2. HP: 24/26 MP: 1/1
   329 | D:1      | Noticed a golden eye
   330 | D:1      | Found a faded altar of an unknown god.
   337 | D:1      | Noticed a golden eye
   337 | D:1      | Noticed a great orb of eyes
   337 | D:1      | Noticed a floating eye
   694 | D:1      | Reached XP level 3. HP: 25/31 MP: 2/2
  1019 | D:2      | Found an ornate altar of the Wu Jian Council.
  1822 | D:2      | Reached XP level 4. HP: 20/40 MP: 3/3
  2573 | D:2      | Found Alueg's Distillery.
  2705 | D:3      | Reached XP level 5. HP: 47/47 MP: 4/4
  2705 | D:3      | Found a glowing drain.
  2720 | Sewer    | Entered a sewer
  2923 | Sewer    | Reached skill level 5 in Unarmed Combat
  2938 | Sewer    | Reached skill level 5 in Fighting
  3127 | Sewer    | HP: 2/48 [river rat (7)]
  3132 | Sewer    | Reached XP level 6. HP: 16/56 MP: 5/5
  4263 | D:3      | Mangled by an ogre

Illustrated notes

Levels and vault maps discovered:
D:1:      tarquinn_simple_flora_water_c, layout_loops_cross,
          hellmonk_ecumenical_altar_watching_god
D:2:      layout_basic, basic_altar, serial_shops, shop, serial_bayou_lagoon_a,
          minmay_quadrilaterals
D:3:      layout_loops_ring, gup_sewer_entry_bubbles, st_stairs_6,
          minmay_gold_behind_fungi, roderic_serpentine_path

Skill      XL: |  1  2  3  4  5 |
---------------+----------------+-----
Dodging        | 3 |  3.0
Stealth        | 3 |  3.0
Fighting       | 4 5 |  5.6
Unarmed Combat | 4 5 |  5.6

Action                   |  1- 3 |  4- 6 || total
-------------------------+-------+-------++-------
Melee: Unarmed           |    74 |   264 ||   338
       Punch             |     3 |     1 ||     4
Throw: Throwing net      |     1 |       ||     1
  Use: Scroll            |       |     4 ||     4
       Potion            |       |     1 ||     1
 Stab: Sleeping          |     2 |     2 ||     4
       Distracted        |     1 |       ||     1
Armor: Robe              |    11 |       ||    11
       Ring mail         |       |   112 ||   112
Dodge: Dodged            |    97 |   239 ||   336

Table legend: (Time is in decaauts)
 A = Elapsed time spent in this place.
 B = Non-inter-level travel time spent in this place.
 C = Inter-level travel time spent in this place.
 D = Time resting spent in this place.
 E = Time spent auto-exploring this place.
 F = Levels seen in this place.
 G = Mean time per level.
                   A        B        C        D        E       F      G
               +--------+--------+--------+--------+--------+-----+--------+
         Total |   4447 |   4354 |     93 |   1150 |   2280 |   4 | 1111.8 |
       Dungeon |   2979 |   2886 |     93 |    828 |   1454 |   3 |  993.0 |
         Sewer |   1468 |   1468 |      0 |    322 |    826 |   1 | 1468.0 |
               +--------+--------+--------+--------+--------+-----+--------+

Top non-repeatable levels by time:
   Sewer: 1468 daAuts
     D:1: 1310 daAuts
     D:2: 1284 daAuts
     D:3: 383 daAuts
